 Seeded DCSS version 0.30.1-9-gdf580d7c3d (webtiles) character file.

Game seed: 6351066067085065685 (custom seed)

21 Esekla the Magician (level 2, 0/15 HPs)
             Began as a Deep Elf Wanderer on Oct 10, 2023.
             Was an Initiate of Vehumet.
             Slain by a gnoll
             ... wielding a +0 spear
              (9 damage)
             ... on level 2 of the Dungeon.
             The game lasted 00:06:51 (950 turns).

Esekla the Magician (Deep Elf Wanderer)              Turns: 950, Time: 00:06:52

Health: 0/15       AC:  4    Str: 11    XL:     2   Next: 62%
Magic:  5/9        EV: 10    Int: 17    God:    Vehumet [......]
Gold:   121        SH:  3    Dex: 11    Spells: 6/10 levels left

rFire   . . .        a - +1 short sword (freeze)
rCold   . . .        d - +0 buckler
rNeg    . . .        c - +0 robe
rPois   .            k - +0 helmet
rElec   .            (no cloak)
rCorr   .            j - +0 pair of gloves
SInv    .            (no boots)
Will    .....        (no amulet)
Stlth   ++           (no ring)
HPRegen 0.22/turn    (no ring)
MPRegen 0.11/turn

%: no passive effects
@: on blink cooldown
A: no striking features
a: Renounce Religion


You were on level 2 of the Dungeon.
You worshipped Vehumet.
Vehumet was noncommittal.
You visited 1 branch of the dungeon, and saw 4 of its levels.

You collected 121 gold pieces.

Inventory:

Hand Weapons
 a - a +1 short sword of freezing (weapon)
 s - the +5 rapier of the Hero {heavy, rN+ Dex+3}
   (You found it on level 3 of the Dungeon)

   Dex:       It affects your dexterity (+3).
   rN:        It protects you from negative energy.
Armour
 c - a +0 robe (worn)
 d - a +0 buckler (worn)
 j - a +0 pair of gloves (worn)
 k - a +0 helmet (worn)
Scrolls
 g - a scroll of identify {unknown}
 m - a scroll of amnesia {unknown}
 n - a scroll of immolation {unknown}
Potions
 b - a potion of lignification
 e - a potion of ambrosia {unknown}
 f - 2 potions of attraction {unknown}
 h - a potion of heal wounds {unknown}
 i - 2 potions of curing {unknown}
 l - a potion of mutation {unknown}


   Skills:
 * Level 0.2 Dodging
 + Level 1.2 Stealth
 + Level 1.5 Shields
 * Level 4.8 Spellcasting
 + Level 1.2 Conjurations
 * Level 0.4 Necromancy
 + Level 2.4 Translocations
 + Level 1.2 Invocations


You had 6 spell levels left.
You knew the following spells:

 Your Spells              Type           Power      Damage    Failure   Level
a - Magic Dart            Conj           32%        1d4       13%         1
b - Blink                 Tloc           24%        N/A       12%         2
p - Apportation           Tloc           24%        N/A       8%          1

Your spell library contained the following spells:

 Spells                   Type           Power      Damage    Failure   Level
 Lesser Beckoning         Tloc           24%        N/A       12%         2
 Vampiric Draining        Necr           5%         2d6       47%         3
 Ignite Poison            Fire/Tmut/Pois 4%         N/A       54%         3


Dungeon Overview and Level Annotations

Branches:
Dungeon (4/15)
 Temple: D:4-7

Altars:
Okawaru
Vehumet
Zin

Shops:
D:2 =


Message History

You block the adder's attack. The adder bites you but does no damage.
You completely miss the adder.
The adder is heavily wounded.
The adder closely misses you.
You hit the adder.
The adder seems to slow down.
You freeze the adder.
The adder is almost dead.
The adder closely misses you.
You hit the adder.
The adder seems to slow down.
You freeze the adder.
You kill the adder!
Vehumet accepts your kill.
Your Conjurations skill increases to level 1!
Your magical contamination has completely faded away.
Found a stone staircase leading up.
A gnoll comes into view. It is wielding a +0 spear.
A gnoll comes into view. It is wielding a +0 club.
Found a bubbling blue potion.
A goblin comes into view. It is wielding a +3 dagger of speed.
The goblin shouts!
You see here a bubbling blue potion.
i - 2 bubbling blue potions (gained 1)
You hit the goblin. You freeze the goblin.
The goblin is heavily wounded.
The goblin barely misses you.
The goblin hits you with a +3 dagger of speed.
You miss the goblin.
The goblin is heavily wounded.
The goblin barely misses you. The goblin completely misses you.
You closely miss the goblin.
The goblin is moderately wounded.
The gnoll hits you from afar with a +0 spear.
The goblin hits you with a +3 dagger of speed.
Casting: Magic Dart (safe; 13% risk of failure)
Confirm with . or Enter, or press ? or * to list all spells.
You don't know that spell.
Unknown command.
Casting: Magic Dart (safe; 13% risk of failure)
Confirm with . or Enter, or press ? or * to list all spells.
You blink.
The gnoll hits you with a +0 spear!
Ouch! That really hurt!
You die...

.....####..####.# #....
... ?...............###
#...## ###.
##.............#.g ..#..#
#)
###.####..#######.####...#
#. ..........# #.# ##...
###.####..# #ยง# #.##
#....## #g#
#<....######g#####.
###^#......@.......#
#.#..#####.####### #.#..#
#.# #.#..# #.# #....# #.#
...... ... #g#... #..
#.##.. ..


You could see a gnoll and 2 goblins.

Vanquished Creatures
  An adder (D:2)
  An endoplasm (D:3)
  2 goblins (D:3)
  2 hobgoblins (D:3)
  2 bats (D:3)
  2 frilled lizards
  3 kobolds
13 creatures vanquished.

Notes
Turn   | Place    | Note
-------+----------+-------------------------------------------
     0 | D:1      | Esekla the Deep Elf Wanderer began the quest for the Orb.
     0 | D:1      | Esekla set off with the following items: a +0 club, a
                  | potion of lignification, a +0 robe, a +0 buckler; and the
                  | following spells available to memorise: Apportation, Blink,
                  | Lesser Beckoning, Magic Dart, Ignite Poison, Vampiric
                  | Draining.
     0 | D:1      | Reached XP level 1. HP: 10/10 MP: 7/7
     2 | D:1      | Learned a level 1 spell: Magic Dart
     4 | D:1      | Learned a level 1 spell: Apportation
   265 | D:2      | Found Renulab's Jewellery Shop.
   419 | D:4      | Found a radiant altar of Vehumet.
   427 | D:4      | Found an iron altar of Okawaru.
   439 | D:4      | Found a glowing silver altar of Zin.
   519 | D:4      | Became a worshipper of Vehumet
   689 | D:3      | Reached XP level 2. HP: 15/15 MP: 2/9
   692 | D:3      | Learned a level 2 spell: Blink
   834 | D:3      | Identified the +5 rapier of the Hero {heavy, rN+ Dex+3}
   932 | D:2      | Reached skill level 1 in Conjurations
   950 | D:2      | Slain by a gnoll

Illustrated notes

Levels and vault maps discovered:
D:1:      sevenhm_arrival_forest_fort_small_3, layout_rooms,
          chequers_serial_rivers_room_b, minmay_misc_feat_five
D:2:      layout_loops_ring, dreamdust_ecumenical_altar_angels_and_demons,
          serial_shops, shop
D:3:      layout_basic, grunt_temple_overflow_open, minmay_misc_feat_iff
D:4:      layout_basic, nicolae_overflow_quartered_altars, serial_shops,
          nicolae_diamond_shop

Skill      XL: |  1  2 |
---------------+-------+-----
Conjurations   | 1 |  1.2
Dodging        | |  0.2
Stealth        | |  1.2
Shields        | |  1.5
Spellcasting   | |  4.8
Necromancy     | |  0.4
Translocations | |  2.4
Invocations    | |  1.2

Action                     || total
---------------------------++-------
  Melee: Short sword       ||    19
   Cast: Apportation       ||    19
         Magic Dart        ||    21
         Blink             ||     1
    Use: Scroll            ||     1
 Armour: Robe              ||    20
  Dodge: Dodged            ||    29
  Block: Buckler           ||     5
